 Dungeon Crawl Stone Soup version 0.31-a0-14-gc80a10f4b6 (webtiles) character file.

Game seed: 1601116286855041247

535907 MrShunz the Ecstatic (level 25, -27/142 HPs)
             Began as a Vine Stalker Brigand on May 8, 2023.
             Was a Follower of Uskayaw.
             Killed from afar by an orb of fire (70 damage)
             ... with a bolt of fire
             ... on level 5 of the Realm of Zot.
             The game lasted 01:41:51 (47477 turns).

MrShunz the Ecstatic (Vine Stalker Brigand)        Turns: 47477, Time: 01:41:52

Health: -27/142    AC: 14    Str: 15    XL:     25   Next: 81%
Magic:  0/45       EV: 33    Int:  9    God:    Uskayaw [*.....]
Gold:   607        SH:  0    Dex: 36    Spells: 24/24 levels left

rFire   . . .        a - +12 pair of quick blades "Gyre" and "Gimble" {protect}
rCold   . . .        (shield currently unavailable)
rNeg    + + +        x - +4 Cigotuvi's embrace {Corpsefed rMiasma Drain rN+}
rPois   +            l - +1 helmet of the Gloaming {Harm *Corrode rPois Dex+3}
rElec   +            b - +0 cloak of Pathos {rN+++}
rCorr   .            v - +0 pair of gloves "Ecvaf" {Rampage MP+9}
SInv    +            L - +2 pair of boots {Fly}
Will    ++...        Z - amulet of the Distant Future {Faith Regen+}
Stlth   ++++++++++   k - ring "Uchogant" {rElec rPois, =R}
HPRegen 2.03/turn    X - ring "Sumag" {rN+ Will- Int-2 Dex+6 SInv, =R}
MPRegen 0.29/turn

%: corrode self (3%), harm (+30% outgoing, +20% incoming), guardian spirit,
rampage, faith
@: flying, studying 3 skills
A: fangs 3, regeneration 1, magic shield, antimagic bite, no potion heal 2, low
MP 1
}: 3/15 runes: barnacled, silver, gossamer
a: Renounce Religion, Stomp


You were on level 5 of the Realm of Zot.
You worshipped Uskayaw.
Uskayaw was extremely pleased with you.
You visited 10 branches of the dungeon, and saw 47 of its levels.
You also visited: Trove and Bailey.

You collected 7486 gold pieces.
You spent 6879 gold pieces at shops.

Inventory:

Hand Weapons
 a - the +12 pair of quick blades "Gyre" and "Gimble" (weapon) {protect}
   (You acquired it on level 10 of the Dungeon)
Missiles
 d - 56 poisoned darts (quivered)
 e - 8 curare-tipped darts {=f}
 w - 8 throwing nets
 Q - 2 atropa-tipped darts
Armour
 b - the +0 cloak of Pathos (worn) {rN+++}
   (You found it in a treasure trove)

   rN:        It renders you almost immune to negative energy.
 g - a scarf of invisibility
 l - the +1 helmet of the Gloaming (worn) {Harm *Corrode rPois Dex+3}
   (You found it in a treasure trove)

   Dex:       It affects your dexterity (+3).
   rPois:     It protects you from poison.
   *Corrode:  It may corrode you when you take damage.
   Harm:      It increases damage dealt and taken.
 v - the +0 pair of gloves "Ecvaf" (worn) {Rampage MP+9}
   (You acquired it on level 3 of the Lair of Beasts)

   MP:        It affects your magic capacity (+9).
   Rampage:   It bestows one free step when moving towards enemies.
 x - the +4 Cigotuvi's embrace (worn) {Corpsefed rMiasma Drain rN+}
   (You took it off a gnoll on level 9 of the Dungeon)

   Corpsefed: It gathers nearby corpses to temporarily increase the armour it
   provides.
   rMiasma:   It protects you from foul pestilence.
   rN:        It protects you from negative energy.
   Drain:     It drains your maximum health when unequipped.
 L - a +2 pair of boots of flying (worn)
Jewellery
 k - the ring "Uchogant" (left hand) {rElec rPois, =R}
   (You found it on level 4 of the Shoals)

   [ring of poison resistance]

   rElec:     It insulates you from electricity.
   rPois:     It protects you from poison.
 X - the ring "Sumag" (right hand) {rN+ Will- Int-2 Dex+6 SInv, =R}
   (You found it on level 1 of the Elven Halls)

   [ring of positive energy]

   Int:       It affects your intelligence (-2).
   Dex:       It affects your dexterity (+6).
   rN:        It protects you from negative energy.
   SInv:      It lets you see invisible.
   Will:      It decreases your willpower.
 Z - the amulet of the Distant Future (around neck) {Faith Regen+}
   (You bought it in a shop on level 5 of the Vaults)

   [amulet of faith]

   It allows you to gain divine favour quickly.
   Regen:     It increases your rate of health regeneration.
Wands
 i - a wand of iceblast (63)
 r - a wand of acid (22)
 y - a wand of mindburst (41)
 z - a wand of digging (6)
 A - a wand of polymorph (32)
 H - a wand of paralysis (41)
 I - a wand of flame (81)
Scrolls
 c - 9 scrolls of fear
 u - 10 scrolls of magic mapping
 C - 38 scrolls of teleportation
 J - 9 scrolls of fog
 K - 7 scrolls of silence
 S - 3 scrolls of summoning
 T - 4 scrolls of blinking
Potions
 h - 12 potions of flight
 j - 7 potions of mutation
 m - 30 potions of curing
 n - 10 potions of resistance
 q - 10 potions of might
 s - 10 potions of haste
 B - 7 potions of cancellation
 E - 10 potions of invisibility
 F - 17 potions of magic


   Skills:
 * Level 18.3 Fighting
 - Level 10.0 Short Blades
 + Level 17.2 Throwing
 + Level 15.8 Dodging
 + Level 23.7 Stealth
 + Level 24.1 Invocations
 + Level 6.5 Evocations


You had 24 spell levels left.
You didn't know any spells.
Your spell library was empty.

Dungeon Overview and Level Annotations

Branches:
Dungeon (15/15)            Temple (1/1) D:5            Lair (5/5) D:9
 Shoals (4/4) Lair:3       Spider (4/4) Lair:3        Slime (0/5) Lair:5
    Orc (2/2) D:9             Elf (2/3) Orc:2        Vaults (5/5) D:13
  Crypt (0/3) Vaults:3     Depths (4/4) D:15            Zot (5/5) Depths:4
 Bailey (visited)

Altars:
Ashenzari
Cheibriados
Dithmenos
Elyvilon
Fedhas
Gozag
Hepliaklqana
Kikubaaqudgha
Makhleb
Nemelex Xobeh
Okawaru
Qazlal
Ru
Sif Muna
Trog
Uskayaw
Vehumet
Wu Jian
Xom
Yredelemnul
Zin
The Shining One
Jiyva
Lugonu

Shops:
D:11 *   D:15 (   Orc:2 (([?:   Elf:2 [   Vaults:1 [   Vaults:5 ?!=?!!?!:!?[
Depths:1 ??:   Depths:2 :=*   Depths:3 ?

Portals:
Hell: Depths:1 Depths:2 Depths:3 Depths:4
Abyss: Lair:3 Lair:5 Depths:2 Depths:3
Pandemonium: Depths:2
Ziggurat: Depths:3


Innate Abilities, Weirdness & Mutations

You have razor-sharp teeth.
Your natural rate of healing is unusually fast.
When hurt, damage is shared between your health and your magic reserves.
Your bite disrupts and absorbs the magic of your enemies.
Potions cannot restore your health.
Your magical capacity is low. (-10% MP)


Message History

The bolt of lightning misses you.
Your golden dragon bites the red draconian scorcher!
Your golden dragon claws the red draconian scorcher.
Your golden dragon barely misses the red draconian scorcher.
Your death cob hits the orb of fire!
Your death cob drains the orb of fire's vigour!
The orb of fire seems to slow down.
Your death cob misses the orb of fire.
You can no longer pass through a line of other dancers.
A bolt of fire appears from out of your range of vision.
Your golden dragon twists and deforms.
The orb of fire glows bright magenta.
The bolt of fire hits your quicksilver dragon!!!
Your quicksilver dragon dies!
Your quicksilver dragon's corpse dissolves into shadows!
The bolt of fire misses you.
The fireball explodes!
The fireball engulfs your golden dragon!!
Your golden dragon resists.
The orb of fire emits a lurid red light.
The bolt of fire misses you.
The orb of fire glows red.
The bolt of fire misses you.
The fireball explodes!
The fireball engulfs your golden dragon!
Your golden dragon resists.
The fireball engulfs the orb of fire.
The orb of fire completely resists.
The fireball explodes!
The fireball engulfs your golden dragon!!
Your golden dragon resists.
You hear an angry hiss.
Your golden dragon is smitten.
A klown pie appears from out of your range of vision.
The klown pie hits your golden dragon!!!
Your golden dragon dies!
Your golden dragon's corpse dissolves into shadows!
The orb of fire glows yellow.
The bolt of fire hits your death cob!!!
Your death cob is destroyed!
Your death cob dissolves into shadows!
The bolt of fire hits you!!!
You die...

....# ##p..........## ....#
#...........# ....#
##...........## ...##
#...*.........# ..##
##.............## .##
#...............#
##▓▓▓▓########.########▓▓▓▓######
#..##..##.........##..##..##.....
#..##..###......@###..##..##.....
#.......##........#..###..##.....
##....................#....⌠.....
##....#.....####.................
###.)###....####...#.............
.##).[###...).....###............
.....).#....))...###...........⌠.
.......).[.###....#.............#
...........####.................#


You could see an orb of fire.

Vanquished Creatures
  An orb of fire (Zot:3)
  A juggernaut (Depths:4)
  Saint Roka (Depths:4)
  Bai Suzhen (Depths:1)
  4 Killer Klowns
  A curse toe (Zot:5)
  12 golden dragons
  Nikola (Elf:1)
  An electric golem (Zot:1)
  9 tentacled monstrosities
  The ghost of Ler Ylut the Slayer, an adept HOMo of the Shining One (Vaults:4)
  A lich (Depths:4)
  9 Orb Guardians (Zot:5)
  8 quicksilver dragons
  6 titans
  3 krakens
  Polyphemus (Shoals:2)
  6 sphinxes
  6 death cobs
  11 shadow dragons
  3 tengu reavers (Vaults:5)
  Donald (Shoals:1)
  10 storm dragons
  7 fire giants
  9 frost giants
  7 draconian monks
  6 emperor scorpions
  7 ghost moths
  3 iron dragons
  3 draconian knights (Zot:4)
  20 vault wardens
  The ghost of crabbyslav the Fighter, a journeyman DsVM of Vehumet (Shoals:1)
  2 deep elf sorcerers (Vaults:5)
  Aizul (Vaults:2)
  3 orc warlords
  3 draconian annihilators
  4 draconian scorchers
  3 draconian shifters
  20 ironbound preservers
  The ghost of hattey the Fighter, a journeyman HuWn of Okawaru (Lair:4)
  2 draconian stormcallers
  3 spriggan defenders
  The ghost of Ocvauboc the Covert, an adept SpEn of Okawaru (Shoals:3)
  10 green draconians
  A war gargoyle (Vaults:5)
  20 very ugly things
  18 stone giants
  2 vampire knights
  A broodmother (Spider:1)
  6 black draconians
  A deep elf demonologist (Vaults:5)
  8 red draconians
  2 deep elf annihilators
  8 ironbound thunderhulks
  7 purple draconians
  An eleionoma (Zot:4)
  14 spark wasps
  11 white draconians
  14 yellow draconians
  3 dire elephants (Vaults:1)
  The ghost of Morbidden the Grappler, a journeyman TrEE of Cheibriados (Lair:3)
  10 ettins
  7 fire dragons
  Snorg (Orc:2)
  11 crystal guardians (Depths:2)
  6 merfolk impalers
  4 merfolk javelineers
  6 great orbs of eyes
  3 deep elf death magi
  Josephine (D:15)
  An entropy weaver (Vaults:3)
  3 jiangshi (Depths:3)
  Erolcha (Orc:2)
  8 ice dragons
  A deep elf high priest (Elf:1)
  A spriggan zombie (Depths:2)
  29 vault guards
  11 yaktaur captains
  9 hydras
  6 merfolk avatars
  6 spriggan air magi
  A rakshasa (Depths:1)
  3 jorogumos (Spider:4)
  A peacekeeper (Vaults:4)
  5 merfolk aquamancers
  12 ironbound frosthearts
  9 boulder beetles
  2 ogre magi (Vaults:5)
  A death knight (D:13)
  5 two-headed ogres
  2 catoblepae
  10 centaur warriors
  18 dancing weapons
  2 radroaches
  22 death yaks
  A satyr (Shoals:3)
  4 tengu warriors
  6 deep troll shamans
  2 vampire magi
  2 orc high priests
  10 deep troll earth magi
  A titan zombie (Depths:2)
  2 hell hogs (Depths:3)
  A sun demon (Depths:3)
  3 thrashing horrors (Lair:5)
  3 spriggan berserkers
  4 large abominations
  7 hell knights
  10 iron trolls
  10 deep elf knights
  9 skysharks
  2 pharaoh ants
  A sixfirhy (Depths:2)
  2 sun moths
  A salamander mystic (Depths:3)
  10 sea snakes
  7 orb spiders
  2 glowing orange brains (Depths:1)
  7 wizards
  48 deep trolls
  2 orb spiders (shapeshifter)
  9 deep elf archers
  6 orc knights
  7 steelbarb worms
  7 lindwurms
  3 necromancers
  10 phantasmal warriors
  3 spectral wolf spiders (Spider:2)
  27 ironbound convokers
  22 deep elf zephyrmancers
  40 harpies
  3 wolf spider zombies (Spider:2)
  20 deep elf pyromancers
  An orange crystal statue (Depths:2)
  4 orc sorcerers
  23 fauns
  A wolf spider (shapeshifter) (Vaults:5)
  3 salamanders (Depths:3)
  15 wolf spiders
  16 manticores
  8 cyclopes
  An elephant (shapeshifter) (Vaults:5)
  47 ugly things
  A shadow dragon skeleton (Depths:2)
  A frost giant skeleton (Depths:2)
  6 elephants (Lair:5)
  10 merfolk sirens
  An apocalypse crab (Lair:3)
  5 water nymphs
  A fire giant skeleton (Depths:2)
  28 moths of wrath
  A guardian serpent (shapeshifter) (Vaults:5)
  16 vault sentinels
  2 black mambas
  A torpor snail (shapeshifter) (Depths:2)
  7 demonic crawlers
  A gargoyle (D:12)
  8 torpor snails
  A rust devil (Depths:2)
  3 smoke demons
  8 cane toads
  Maggie (Lair:1)
  A hellion (Depths:2)
  3 unseen horrors (Depths:2)
  11 komodo dragons
  3 kobold demonologists
  37 yaktaurs
  10 rime drakes
  2 tengu conjurers (Depths:1)
  2 freezing wraiths
  A komodo dragon (shapeshifter) (D:13)
  2 ancient zymes (Lair:5)
  An ice devil (Lair:3)
  3 red devils (Depths:2)
  4 trolls
  A troll (shapeshifter) (D:13)
  13 meliai
  27 merfolk
  6 wind drakes
  A sphinx simulacrum (Depths:2)
  8 wolf spider simulacra
  7 snapping turtles
  24 tarantellas
  3 polar bears
  9 hornets
  9 blink frogs (Lair:5)
  8 dream sheep
  18 jumping spiders
  A fire giant simulacrum (Depths:2)
  2 air elementals
  6 spriggans
  27 slime creatures
  8 culicivoras
  3 wyverns
  4 shadows
  3 wraiths (D:15)
  A culicivora (shapeshifter) (D:14)
  2 vampires
  4 ynoxinuls
  10 water elementals
  3 basilisks
  32 yaks
  3 fire elementals
  2 humans (shapeshifter)
  11 steam dragons
  4 chaos spawn
  29 redbacks
  A basilisk (shapeshifter) (Lair:3)
  3 vampire mosquitoes
  2 wargs (Orc:2)
  Edmund (D:5)
  A water moccasin (shapeshifter) (D:13)
  9 water moccasins
  2 acid dragons
  A floating eye (shapeshifter) (Vaults:5)
  52 orc warriors
  An ice beast (D:6)
  2 glowing shapeshifter skeletons (Depths:2)
  23 small abominations
  A sky beast (D:7)
  4 ogres
  3 black bears
  3 boggarts (Vaults:3)
  6 wolves (Lair:2)
  12 centaurs
  A boggart (shapeshifter) (Lair:3)
  A kobold brigand (D:10)
  16 bullfrogs
  2 gnoll sergeants (D:9)
  An earth elemental (Elf:1)
  11 wights
  2 scorpions
  11 killer bees
  9 howler monkeys
  2 hounds
  4 crimson imps (D:7)
  3 jellies
  4 iguanas
  22 orc priests
  21 orc wizards
  Robin (D:3)
  17 gnolls
  7 adders
  A river rat (Bailey)
  A white imp (D:7)
  5 worms
  113 orcs
  10 endoplasms
  2 giant cockroaches
  19 goblins
  21 hobgoblins
  9 jackals
  11 kobolds
  3 quokkas
  13 ball pythons
  4 bats
  8 rats
  3 tentacles (Shoals:1)
1939 creatures vanquished.

Vanquished Creatures (others)
  A fire giant (Depths:3)
  An ice dragon (Depths:3)
  A merfolk aquamancer (Shoals:4)
  A sphinx zombie (Depths:2)
  A fire elemental (Elf:1)
  A human (D:3)
  2 orc wizards (Orc:2)
  2 orcs (Orc:2)
  53 fungi
  85 plants
  9 tentacles
157 creatures vanquished.

Grand Total: 2096 creatures vanquished

Notes
Turn   | Place    | Note
-------+----------+-------------------------------------------
     0 | D:1      | MrShunz the Vine Stalker Brigand began the quest for the
                  | Orb.
     0 | D:1      | Reached XP level 1. HP: 11/11 MP: 2/2
     3 | D:1      | Noticed an electric eel
     4 | D:1      | Noticed an electric eel
    65 | D:1      | Reached XP level 2. HP: 14/15 MP: 3/3
    69 | D:1      | Reached skill level 1 in Dodging
    69 | D:1      | Reached skill level 5 in Stealth
   437 | D:1      | Reached XP level 3. HP: 18/18 MP: 4/4
   869 | D:2      | Found a glowing silver altar of Zin.
  1326 | D:2      | Gained mutation: Your natural rate of healing is unusually
                  | fast. [Vine Stalker growth]
  1326 | D:2      | Reached XP level 4. HP: 23/23 MP: 5/5
  1583 | D:3      | Found a radiant altar of Vehumet.
  1622 | D:3      | Noticed Robin
  1657 | D:3      | Killed Robin
  1760 | D:3      | Reached XP level 5. HP: 24/27 MP: 4/6
  2128 | D:3      | Found an ancient bone altar of Kikubaaqudgha.
  2128 | D:3      | Noticed a human
  2132 | D:3      | Killed a human
  2713 | D:5      | Entered Level 5 of the Dungeon
  2757 | D:5      | Found a stormy altar of Qazlal.
  2766 | D:5      | Reached XP level 6. HP: 26/32 MP: 4/7
  2837 | D:5      | Found a sparkling altar of Nemelex Xobeh.
  2956 | D:5      | Noticed an acid dragon
  2995 | D:5      | Noticed an ice beast
  3005 | D:5      | You fall into a shaft and drop 2 floors!
  3176 | D:7      | Reached XP level 7. HP: 19/36 MP: 6/8
  3274 | D:6      | Found a broken altar of Ashenzari.
  3352 | D:6      | Identified the +1 robe of the Wheelwright {rC+ Will- Int+2}
  3855 | D:6      | Noticed a steam dragon
  3884 | D:5      | Found a shimmering blue altar of Sif Muna.
  3949 | D:5      | Noticed Edmund
  4064 | D:5      | Found a staircase to the Ecumenical Temple.
  4114 | D:6      | Killed a steam dragon
  4115 | D:6      | Reached skill level 5 in Short Blades
  4115 | D:6      | Gained mutation: You have razor-sharp teeth. [Vine Stalker
                  | growth]
  4115 | D:6      | Reached XP level 8. HP: 32/41 MP: 6/9
  4157 | D:6      | Identified the +5 plate armour of the Guild-Master {rN+++
                  | Str-3 Int+2 Slay-5}
  4346 | D:6      | Identified the +1 arbalest of Circular Logic {drain, rPois
                  | rC+++ rCorr Str-3}
  4390 | D:6      | Found a sacrificial altar of Ru.
  4573 | D:5      | Killed Edmund
  4602 | Temple   | Entered the Ecumenical Temple
  4731 | Temple   | Became a worshipper of Uskayaw the Reveller
  4779 | D:7      | Reached * piety under Uskayaw
  4930 | D:7      | Found a burning altar of Makhleb.
  4934 | D:7      | Reached ** piety under Uskayaw
  4943 | D:7      | Reached skill level 1 in Invocations
  5011 | D:7      | Found a glowing golden altar of the Shining One.
  5061 | D:7      | Reached *** piety under Uskayaw
  5070 | D:7      | Reached **** piety under Uskayaw
  5077 | D:7      | Reached skill level 2 in Invocations
  5180 | D:7      | Reached XP level 9. HP: 45/45 MP: 11/11
  5319 | D:7      | Found a shimmering altar of Xom.
  5383 | D:7      | Found a glowing silver altar of Zin.
  5441 | D:7      | Reached skill level 3 in Invocations
  5444 | D:7      | Reached ***** piety under Uskayaw
  6179 | D:8      | Noticed a moth of wrath
  6181 | D:8      | Found a bloodstained altar of Trog.
  6295 | D:9      | Noticed a kobold demonologist
  6296 | D:9      | Killed a kobold demonologist
  6447 | D:9      | Reached skill level 4 in Invocations
  6541 | D:9      | Noticed a hornet
  6581 | D:9      | Reached skill level 5 in Fighting
  6581 | D:9      | Reached skill level 5 in Throwing
  6623 | D:9      | Found a staircase to the Lair.
  6645 | D:9      | Killed a hornet
  6646 | D:9      | Reached XP level 10. HP: 40/51 MP: 8/14
  6742 | D:9      | Reached skill level 5 in Invocations
  7015 | D:9      | Noticed a two-headed ogre
  7029 | D:9      | Killed a two-headed ogre
  7098 | D:9      | Reached ****** piety under Uskayaw
  7298 | D:9      | Reached skill level 6 in Invocations
  7537 | D:9      | Found a staircase to the Orcish Mines.
  7927 | D:10     | Entered Level 10 of the Dungeon
  7946 | D:10     | Reached skill level 5 in Dodging
  7966 | D:10     | Reached XP level 11. HP: 53/56 MP: 16/16
  8005 | D:10     | Found a flagged portal.
  8036 | Bailey   | Entered a bailey
  8107 | Bailey   | Noticed an orc knight
  8130 | Bailey   | Killed an orc knight
  8183 | Bailey   | Reached skill level 7 in Invocations
  8380 | Bailey   | Acquired a +0 cloak of stealth
  8546 | Bailey   | Found an iron altar of Okawaru.
  8546 | Bailey   | Noticed an orc sorcerer
  8572 | Bailey   | Killed an orc sorcerer
  8617 | Bailey   | Identified the +7 battleaxe "Wienlabb" {heavy, rElec}
  8643 | Bailey   | Identified the +0 robe of the Gloaming {rF+ rC++}
  8644 | Bailey   | Identified the +1 leather armour of the Guava {rN++ rCorr
                  | Int+5}
  8773 | D:10     | Found an opulent altar of Gozag.
  9030 | D:10     | Acquired the +12 pair of quick blades "Gyre" and "Gimble"
                  | {protect}
  9030 | D:10     | Found the +12 pair of quick blades "Gyre" and "Gimble"
                  | {protect}
  9062 | D:10     | Found a blossoming altar of Fedhas.
  9489 | Lair:1   | Entered Level 1 of the Lair of Beasts
  9565 | Lair:1   | Reached skill level 10 in Stealth
  9722 | Lair:1   | Noticed a catoblepas
  9752 | Lair:1   | Killed a catoblepas
  9905 | Lair:1   | Noticed a boulder beetle
  9965 | Lair:1   | Reached skill level 8 in Invocations
 10218 | Lair:1   | Killed a boulder beetle
 10219 | Lair:1   | Reached XP level 12. HP: 62/62 MP: 19/19
 10315 | Lair:1   | Noticed Maggie
 10326 | Lair:1   | Killed Maggie
 10853 | Lair:2   | Noticed a six-headed hydra
 10859 | Lair:2   | Killed a six-headed hydra
 11199 | Lair:2   | Noticed a death yak
 11202 | Lair:2   | Noticed a death yak
 11202 | Lair:2   | Noticed a death yak
 11437 | Lair:2   | Killed a death yak
 11438 | Lair:2   | Reached skill level 10 in Short Blades
 11438 | Lair:2   | Reached skill level 9 in Invocations
 11441 | Lair:2   | Killed a death yak
 11442 | Lair:2   | Killed a death yak
 11629 | Lair:3   | Acquired the +0 pair of gloves "Ecvaf" {Rampage MP+9}
 11708 | Lair:3   | Found a transporter.
 11743 | Lair:3   | Found a hole to the Spider Nest.
 11754 | Lair:3   | Noticed a death yak
 11754 | Lair:3   | Noticed a death yak
 11754 | Lair:3   | Noticed a death yak
 11758 | Lair:3   | Noticed a death yak
 11767 | Lair:3   | Killed a death yak
 11775 | Lair:3   | Killed a death yak
 11793 | Lair:3   | Killed a death yak
 11805 | Lair:3   | Killed a death yak
 11806 | Lair:3   | Reached skill level 10 in Invocations
 11806 | Lair:3   | Reached XP level 13. HP: 42/67 MP: 21/21
 11925 | Lair:3   | Found a staircase to the Shoals.
 12148 | Lair:3   | Found a one-way gate to the infinite horrors of the Abyss.
 12149 | Lair:3   | Noticed Morbidden's ghost (journeyman TrEE)
 12625 | Lair:3   | Found a transporter.
 13226 | Lair:4   | Found a runed translucent door.
 13226 | Lair:4   | Noticed hattey's ghost (journeyman HuWn)
 13851 | Orc:1    | Entered Level 1 of the Orcish Mines
 13856 | Orc:1    | Found a burning altar of Makhleb.
 14095 | Orc:1    | Reached skill level 11 in Invocations
 14353 | D:11     | Found Pimoqor's General Store.
 14408 | D:11     | Found a portal to a secret trove of treasure.
 15024 | D:12     | Found a runed translucent door.
 15391 | D:12     | Found a runed translucent door.
 15409 | D:12     | Found a runed translucent door.
 15410 | D:12     | Noticed a merfolk impaler
 15552 | D:13     | Found a runed translucent door.
 15574 | D:13     | Reached XP level 14. HP: 40/74 MP: 23/23
 15603 | D:13     | Reached skill level 12 in Invocations
 16017 | D:13     | Found a gate to the Vaults.
 16361 | D:14     | Found an ancient bone altar of Kikubaaqudgha.
 16653 | D:14     | Reached skill level 13 in Invocations
 16942 | D:14     | Reached XP level 15. HP: 52/79 MP: 25/25
 17062 | D:15     | Entered Level 15 of the Dungeon
 17106 | D:15     | Found Unool's Weapon Shoppe.
 17114 | D:15     | Bought 3 curare-tipped darts for 39 gold pieces
 17134 | D:15     | Noticed Josephine
 17141 | D:15     | Killed Josephine
 17160 | D:15     | Found a basalt altar of Yredelemnul.
 17186 | D:15     | Found an ancient bone altar of Kikubaaqudgha.
 17782 | D:15     | Found a staircase to the Depths.
 18076 | Orc:2    | Entered Level 2 of the Orcish Mines
 18076 | Orc:2    | Noticed Erolcha
 18076 | Orc:2    | Found a staircase to the Elven Halls.
 18156 | Orc:2    | Killed Erolcha
 18521 | Orc:2    | Noticed Snorg
 18530 | Orc:2    | Killed Snorg
 18564 | Orc:2    | Noticed an orc warlord
 18569 | Orc:2    | Found Umuddozer's Antique Weapon Shop.
 18580 | Orc:2    | Reached skill level 10 in Throwing
 18605 | Orc:2    | Found Riafa's Antique Armour Boutique.
 18618 | Orc:2    | Reached skill level 14 in Invocations
 18618 | Orc:2    | Killed an orc warlord
 18734 | Orc:2    | Found Maruac's Magic Scroll Emporium.
 18770 | Orc:2    | Bought a scroll of identify for 28 gold pieces
 18770 | Orc:2    | Bought a scroll of magic mapping for 105 gold pieces
 18770 | Orc:2    | Bought a scroll of magic mapping for 105 gold pieces
 18770 | Orc:2    | Bought a scroll of teleportation for 42 gold pieces
 18770 | Orc:2    | Bought a scroll of teleportation for 42 gold pieces
 18795 | Orc:2    | Found Coyshrux's Book Boutique.
 18911 | Orc:2    | Found Eruzaih's Weapon Shop.
 18991 | Orc:2    | Reached skill level 10 in Fighting
 19188 | Lair:5   | Entered Level 5 of the Lair of Beasts
 19360 | Lair:4   | Killed hattey's ghost
 19549 | Lair:5   | Identified the +0 plate armour "Cyfollof" {Fly}
 19623 | Lair:5   | Found a viscous altar of Jiyva.
 19624 | Lair:5   | Found a staircase to the Slime Pits.
 19805 | Lair:5   | Reached skill level 15 in Stealth
 19807 | Lair:5   | Reached XP level 16. HP: 86/86 MP: 28/28
 20133 | Lair:5   | Reached skill level 15 in Invocations
 20158 | Lair:5   | Found a corrupted altar of Lugonu.
 20615 | Lair:3   | Killed Morbidden's ghost
 21206 | Shoals:1 | Entered Level 1 of the Shoals
 21420 | Shoals:1 | Found a runed translucent door.
 21438 | Shoals:1 | Noticed Donald
 21460 | Shoals:1 | Killed Donald
 21508 | Shoals:1 | Reached skill level 10 in Dodging
 21592 | Shoals:1 | Noticed a kraken
 21603 | Shoals:1 | Killed a kraken
 22185 | Shoals:1 | Noticed crabbyslav's ghost (journeyman DsVM)
 22191 | Shoals:1 | Killed crabbyslav's ghost
 22257 | Shoals:2 | Reached skill level 16 in Invocations
 22264 | Shoals:2 | Reached XP level 17. HP: 84/91 MP: 30/30
 22305 | Shoals:2 | Noticed Polyphemus
 22381 | Shoals:2 | Killed Polyphemus
 22541 | Shoals:2 | Noticed a kraken
 22557 | Shoals:2 | Killed a kraken
 22849 | Shoals:2 | Identified the staff of air "Foelyd" {rElec Int+2 SInv}
 23281 | Shoals:3 | Found a runed translucent gate.
 23281 | Shoals:3 | Found a runed translucent gate.
 23282 | Shoals:3 | Found a runed translucent gate.
 23290 | Shoals:3 | Noticed Ocvauboc's ghost (adept SpEn)
 23847 | Shoals:3 | Killed Ocvauboc's ghost
 23871 | Shoals:3 | Identified the +1 hat of Distant Worlds {rElec rF+ rC+++}
 23872 | Shoals:3 | Identified the ring "Affixzav" {rPois Str+6 Int-2 Stlth+}
 23924 | Shoals:4 | Entered Level 4 of the Shoals
 23966 | Shoals:4 | Identified the ring "Uchogant" {rElec rPois}
 24056 | Shoals:4 | Reached skill level 17 in Invocations
 24062 | Shoals:4 | Identified the +8 long sword of Debt {freeze, Dex+3}
 24236 | Shoals:4 | Identified the +0 robe of Immorality {Int+6}
 24314 | Shoals:4 | Reached XP level 18. HP: 96/98 MP: 31/31
 24688 | Shoals:4 | Got a barnacled rune of Zot
 25032 | Spider:1 | Entered Level 1 of the Spider Nest
 26638 | Spider:3 | Reached skill level 18 in Invocations
 27206 | Spider:4 | Entered Level 4 of the Spider Nest
 27565 | Spider:4 | Reached XP level 19. HP: 103/103 MP: 33/33
 27726 | Spider:4 | Got a gossamer rune of Zot
 28360 | Vaults:1 | Entered Level 1 of the Vaults
 28394 | Vaults:1 | Found Caxzestro's Armour Shoppe.
 28914 | Vaults:1 | Reached skill level 19 in Invocations
 29640 | Vaults:1 | Identified the +3 arbalest "Jaubrab" {drain, rPois Stlth+}
 30044 | Vaults:2 | Reached XP level 20. HP: 109/109 MP: 34/34
 30098 | Vaults:2 | Identified the +7 halberd of Bile {pain, rC+}
 30428 | Vaults:2 | Noticed Aizul
 30443 | Vaults:2 | Killed Aizul
 31152 | Vaults:3 | Reached skill level 20 in Invocations
 31561 | Vaults:3 | Found a staircase to the Crypt.
 31561 | Vaults:3 | Found a basalt altar of Yredelemnul.
 31562 | Vaults:3 | Found an ancient bone altar of Kikubaaqudgha.
 32337 | Vaults:4 | Found a transporter.
 32337 | Vaults:4 | Found a transporter.
 32337 | Vaults:4 | Noticed Ler Ylut's ghost (adept HOMo)
 32337 | Vaults:4 | Identified the +5 giant club "Orb Guardian's Peril"
                  | {freeze, rPois Str+5 Int-5}
 32442 | Vaults:4 | Identified the +8 quarterstaff of Xaumnoimp {protect,
                  | Dex+4}
 32674 | Vaults:4 | Identified the +5 spear "Vuvuun" {distort, Int+2}
 32870 | Vaults:4 | Reached XP level 21. HP: 115/115 MP: 36/36
 33221 | Vaults:4 | Killed Ler Ylut's ghost
 33528 | Depths:1 | Entered Level 1 of the Depths
 33787 | Depths:2 | Found Wur Epunko's Book Shoppe.
 33787 | Depths:2 | Found Pecrorphi's Jewellery Emporium.
 33791 | Depths:2 | Found Wedik's General Store.
 33809 | Depths:2 | Bought an amulet of regeneration for 600 gold pieces
 33816 | Depths:2 | Bought a scroll of fog for 48 gold pieces
 33816 | Depths:2 | Bought a scroll of teleportation for 36 gold pieces
 33816 | Depths:2 | Bought a wand of paralysis (3) for 86 gold pieces
 33825 | Depths:2 | Found a gateway to Hell.
 34008 | Depths:2 | Reached skill level 21 in Invocations
 34116 | Depths:1 | Found Vestryble's Magic Scroll Boutique.
 34139 | Depths:1 | Bought a scroll of silence for 228 gold pieces
 34139 | Depths:1 | Bought a scroll of teleportation for 72 gold pieces
 34139 | Depths:1 | Bought a scroll of summoning for 228 gold pieces
 34139 | Depths:1 | Bought a scroll of teleportation for 72 gold pieces
 34145 | Depths:1 | Found Bithaix's Book Boutique.
 34596 | Depths:1 | Found Jouhasy's Magic Scroll Emporium.
 34599 | Depths:1 | Bought a scroll of fog for 96 gold pieces
 34599 | Depths:1 | Bought a scroll of fear for 96 gold pieces
 34599 | Depths:1 | Bought a scroll of summoning for 228 gold pieces
 34599 | Depths:1 | Bought a scroll of teleportation for 72 gold pieces
 34599 | Depths:1 | Bought a scroll of teleportation for 72 gold pieces
 34599 | Depths:1 | Bought 2 scrolls of teleportation for 144 gold pieces
 34698 | Depths:1 | Noticed Bai Suzhen
 34701 | Depths:1 | Killed Bai Suzhen
 35000 | Depths:2 | Found a one-way gate leading to the halls of Pandemonium.
 35314 | Depths:2 | Reached XP level 22. HP: 121/121 MP: 37/37
 35340 | Depths:2 | Found a shimmering blue altar of Sif Muna.
 35791 | Elf:1    | Entered Level 1 of the Elven Halls
 35807 | Elf:1    | Found a radiant altar of Vehumet.
 36051 | Elf:1    | Noticed Nikola
 36059 | Elf:1    | Reached skill level 15 in Fighting
 36062 | Elf:1    | Reached skill level 15 in Throwing
 36076 | Elf:1    | Killed Nikola
 36716 | Elf:1    | Identified the ring "Sumag" {rN+ Will- Int-2 Dex+6 SInv}
 37034 | Elf:2    | Found a runed translucent gate.
 37034 | Elf:2    | Found a runed translucent gate.
 37034 | Elf:2    | Found a runed translucent gate.
 37195 | Elf:2    | Found Keuthribao's Armour Emporium.
 37257 | Elf:2    | Reached skill level 22 in Invocations
 38011 | Vaults:5 | Entered Level 5 of the Vaults
 38077 | Vaults:5 | Found Ceut's Jewellery Boutique.
 38078 | Vaults:5 | Found Wusaowox's Distillery.
 38134 | Vaults:5 | Bought the amulet of the Distant Future {Faith Regen+} for
                  | 705 gold pieces
 38195 | Vaults:5 | Noticed a golden dragon
 38228 | Vaults:5 | Killed a golden dragon
 38239 | Vaults:5 | Reached XP level 23. HP: 114/127 MP: 39/39
 38255 | Vaults:5 | Noticed a golden dragon
 38330 | Vaults:5 | Killed a golden dragon
 38345 | Vaults:5 | Noticed a golden dragon
 38355 | Vaults:5 | Killed a golden dragon
 38519 | Vaults:5 | Found Ilimpaut's Antique Armour Shop.
 38519 | Vaults:5 | Found Liniene's Magic Scroll Shoppe.
 38556 | Vaults:5 | Bought a scroll of teleportation for 60 gold pieces
 38556 | Vaults:5 | Bought a scroll of teleportation for 60 gold pieces
 38556 | Vaults:5 | Bought a scroll of summoning for 190 gold pieces
 38634 | Vaults:5 | Found Nogicup's Book Shoppe.
 38650 | Vaults:5 | Found Pirphor's Distillery.
 38656 | Vaults:5 | Bought a potion of curing for 33 gold pieces
 38656 | Vaults:5 | Bought a potion of curing for 33 gold pieces
 38656 | Vaults:5 | Bought a potion of curing for 33 gold pieces
 38656 | Vaults:5 | Bought a potion of haste for 110 gold pieces
 38656 | Vaults:5 | Bought a potion of cancellation for 88 gold pieces
 38739 | Vaults:5 | Got a silver rune of Zot
 38796 | Vaults:5 | Found Devi's Magic Scroll Shop.
 38801 | Vaults:5 | Bought a scroll of teleportation for 48 gold pieces
 38801 | Vaults:5 | Bought a scroll of silence for 152 gold pieces
 38801 | Vaults:5 | Bought a scroll of teleportation for 48 gold pieces
 38801 | Vaults:5 | Bought a scroll of teleportation for 48 gold pieces
 38829 | Vaults:5 | Found Atesodif's Distillery.
 38841 | Vaults:5 | Bought a potion of resistance for 150 gold pieces
 38841 | Vaults:5 | Bought a potion of resistance for 150 gold pieces
 38841 | Vaults:5 | Bought a potion of might for 60 gold pieces
 38841 | Vaults:5 | Bought a potion of invisibility for 120 gold pieces
 38849 | Vaults:5 | Found Qoytam's Magic Scroll Emporium.
 38854 | Vaults:5 | Bought a scroll of fog for 96 gold pieces
 38854 | Vaults:5 | Bought a scroll of blinking for 180 gold pieces
 38854 | Vaults:5 | Bought a scroll of summoning for 228 gold pieces
 38861 | Vaults:5 | Found Zoyme's Distillery.
 38864 | Vaults:5 | Reached skill level 23 in Invocations
 38881 | Vaults:5 | Noticed a golden dragon
 38891 | Vaults:5 | Killed a golden dragon
 39051 | Vaults:5 | Bought a potion of curing for 51 gold pieces
 39051 | Vaults:5 | Bought a potion of curing for 51 gold pieces
 39051 | Vaults:5 | Bought a potion of cancellation for 136 gold pieces
 39414 | Vaults:5 | Found Nianoh's Magic Scroll Boutique.
 39419 | Vaults:5 | Bought a scroll of teleportation for 57 gold pieces
 39457 | Vaults:5 | Found Gaapt's Distillery.
 39462 | Vaults:5 | Bought 2 potions of resistance for 300 gold pieces
 39462 | Vaults:5 | Bought a potion of haste for 150 gold pieces
 39462 | Vaults:5 | Bought a potion of curing for 45 gold pieces
 39655 | Vaults:5 | Bought 2 potions of curing for 138 gold pieces
 39655 | Vaults:5 | Bought a potion of might for 92 gold pieces
 39655 | Vaults:5 | Bought a potion of invisibility for 184 gold pieces
 39655 | Vaults:5 | Bought a potion of invisibility for 184 gold pieces
 40516 | Depths:3 | Found Kyehil's Magic Scroll Emporium.
 40519 | Depths:3 | Bought a scroll of fear for 40 gold pieces
 40519 | Depths:3 | Bought a scroll of teleportation for 30 gold pieces
 40519 | Depths:3 | Bought a scroll of teleportation for 30 gold pieces
 40622 | Depths:3 | Reached skill level 1 in Evocations
 40776 | Depths:3 | Found a one-way gateway to a ziggurat.
 40902 | Depths:3 | Reached XP level 24. HP: 133/133 MP: 39/39
 40989 | Depths:3 | Found a corrupted altar of Lugonu.
 41626 | Depths:4 | Entered Level 4 of the Depths
 41640 | Depths:4 | Noticed a juggernaut
 41657 | Depths:4 | Killed a juggernaut
 41872 | Depths:4 | Noticed Saint Roka
 41888 | Depths:4 | Killed Saint Roka
 41889 | Depths:4 | Reached skill level 15 in Dodging
 42263 | Depths:4 | Found a gate to the Realm of Zot.
 42698 | Zot:1    | Entered Level 1 of the Realm of Zot
 42967 | Depths:1 | Bought a scroll of enchant armour for 180 gold pieces
 42967 | Depths:1 | Bought a scroll of enchant armour for 180 gold pieces
 43158 | D:11     | You paid a toll of +4 storm dragon scales to enter a
                  | treasure trove
 43159 | Trove    | Entered a treasure trove
 43166 | Trove    | Identified the +0 cloak of Pathos {rN+++}
 43188 | Trove    | Identified the +1 helmet of the Gloaming {Harm *Corrode
                  | rPois Dex+3}
 43189 | Trove    | Identified the +2 hat of Plog {rElec}
 43232 | Trove    | Identified the +6 tower shield "Nelae" {+Blink Will- Int+5}
 43272 | Trove    | Identified the +0 pair of boots "Xuon" {Regen+ Str+3}
 44490 | Zot:2    | Identified the +1 plate armour of Insatiable Hunger {rN++
                  | Str+2}
 45140 | Zot:3    | Noticed an orb of fire
 45153 | Zot:3    | Killed an orb of fire
 45178 | Zot:3    | Identified the +4 sling of Robb {antimagic, rF+ rC+}
 45292 | Zot:3    | Reached XP level 25. HP: 141/141 MP: 39/39
 45394 | Zot:3    | Reached skill level 5 in Evocations
 45773 | Zot:4    | Noticed a Killer Klown
 45792 | Zot:4    | Killed a Killer Klown
 45795 | Zot:4    | Noticed a Killer Klown
 45809 | Zot:4    | Killed a Killer Klown
 46224 | Zot:4    | Reached skill level 24 in Invocations
 46806 | Zot:5    | Entered Level 5 of the Realm of Zot
 46840 | Zot:5    | Noticed a Killer Klown
 46899 | Zot:5    | Killed a Killer Klown
 47087 | Zot:5    | Noticed a Killer Klown
 47094 | Zot:5    | Killed a Killer Klown
 47324 | Zot:5    | Identified the +2 robe of Jagaff {rCorr}
 47448 | Zot:5    | Noticed a Killer Klown
 47450 | Zot:5    | Noticed an orb of fire
 47450 | Zot:5    | Noticed an orb of fire
 47452 | Zot:5    | Noticed an orb of fire
 47452 | Zot:5    | Noticed a Killer Klown
 47452 | Zot:5    | Gained mutation: Your magical capacity is low. (-10% MP)
                  | [an orb of fire]
 47476 | Zot:5    | Noticed a Killer Klown
 47477 | Zot:5    | Killed from afar by an orb of fire

Illustrated notes

Levels and vault maps discovered:
D:1:      arrival_aquarium_b, layout_basic
D:2:      layout_basic, basic_altar, item_on_display_a
D:3:      layout_loops_ring, tgw_kikubaaqudgha,
          mainiacjoe_overflow_tiny_flanked, uniq_robin
D:4:      layout_rooms
D:5:      layout_loops_cross, lemuel_blue_sif_altar, amcnicky_altar_gilded,
          nemelex_xobeh_ov_fountains_minmay,
          minmay_temple_entry_statues_pillars, amcnicky_mini_pool_medium,
          uniq_edmund
D:6:      layout_cave_pools, nicolae_ru_sacrificial_ziggurat,
          cheibrodos_ashenzari_chains
D:7:      layout_loops_corners, zin_treasury, led_xom_imps,
          mainiacjoe_overflow_catwalk_spiral
D:8:      layout_basic, tgw_trog
D:9:      layout_loops_corners, due_lair_maze_entry_diamond, david_orc_5
D:10:     layout_loops_ring, grunt_gozag_breadcrumbs, fedhas_altar_2,
          enter_bailey_5, serial_aquarium, aquarium_bridge_straight
          [aquarium_subvault_bridge, aquarium_subvault_wall,
          aquarium_subvault_bridge, aquarium_subvault_wall], aquarium_window_2,
          aquarium_window_2, aquarium_view_2c, aquarium_view_4,
          aquarium_pool_double
D:11:     layout_roguey, nicolae_trove_entry_free_sample, serial_shops, shop
D:12:     layout_loops_ring, mikee_hates_you
D:13:     minmay_the_grid_triangle_9x9_rhombus_full_mashed
          [minmay_the_grid_triangle_9x9_longest,
          minmay_the_grid_triangle_9x9_cache,
          minmay_the_grid_triangle_9x9_subtriangle,
          minmay_the_grid_triangle_9x9_stretched_checkered,
          minmay_the_grid_triangle_9x9_semitri,
          minmay_the_grid_triangle_9x9_pentomino_pain,
          minmay_the_grid_triangle_9x9_intruding_spiral,
          minmay_the_grid_triangle_9x9_prize_schism], layout_basic,
          david_vaults_4
D:14:     layout_irregular_city, minivault_19, kiku_gazebo_pond_becter
D:15:     grunt_enter_depths_hoard, layout_grid_maze, serial_shops, shop,
          lemuel_doored_altar, minivault_22, moated_statue,
          grunt_decor_resistance, yredelemnul_altar_generic, uniq_josephine
Temple:   nicolae_temple_godpark
Lair:1:   layout_cave_pods, grunt_megastairs_2, lemuel_fruit_tree, uniq_maggie
Lair:2:   layout_cellular_growth, serial_bayou_pond_e,
          chequers_serial_rivers_micro_e, nicolae_quartered_pool_impasse
Lair:3:   layout_layer_cave, elwin_shoals_entry_rocks, spider_nest_entry_rubble,
          gammafunk_ghost_abyssal_escape, minmay_stone_trees_small
Lair:4:   layout_gridlike, hellmonk_ghost_happy_afterlife, grunt_megastairs_4,
          serial_bayou_shore_b
Lair:5:   hellmonk_lair_end_abyssal_woods, layout_cave_shapes, slime_entry_1,
          bobbens_dragon_lair_wall
Shoals:1: layout_shoals, ebering_ghost_reflecting_pool, uniq_donald
Shoals:2: layout_shoals, uniq_polyphemus
Shoals:3: layout_shoals, gammafunk_ghost_tricky_traps
Shoals:4: shoals_end_hangedman, layout_shoals
Spider:1: layout_spider_delve
Spider:2: layout_spider_delve, nicolae_spider_undead_wolf_pack
Spider:3: layout_spider_delve, guppyfry_hornet_nest
Spider:4: grunt_spider_rune_island, drop_trap
Orc:1:    layout_caves, basic_altar, nicolae_orc_tapped_out
Orc:2:    grunt_orc_community_town_hall, layout_caves,
          grunt_orc_community_big_house_1, grunt_orc_community_big_house_2,
          grunt_orc_community_house_2, grunt_orc_community_house_2,
          grunt_orc_community_house_2, grunt_orc_community_house_2,
          grunt_orc_community_house_3, grunt_orc_community_house_2,
          serial_shops, nicolae_shop_back_alley_shop, uniq_snorg, uniq_erolcha
Elf:1:    eino_elf_arrival_altar, layout_loops_corners,
          kennysheep_underground_church, grunt_megastairs_1, uniq_nikola
Elf:2:    elven_hall_of_blades_hangedman_original
          [nicolae_blade_entry_hurt_lockers], layout_geoelf_diagonals,
          serial_shops, nicolae_shop_stone, nicolae_twisting_strands
Vaults:1: v_misc_15, nicolae_vaults_yaktaur_gun_rack,
          nicolae_vaults_network_periphery, v_pattern_1,
          nicolae_vaults_trapezoid_lopsided_2,
          nicolae_vaults_taking_the_gang_shopping,
          nicolae_vaults_little_squares_5, vaults_room_corners, v_alt_pattern_6,
          v_misc_13, nicolae_vaults_know_your_exits,
          nicolae_vaults_ring_of_whatevers, nicolae_vaults_little_ls,
          layout_vaults_ring
Vaults:2: vaults_mumra_chevron, st_lines, nicolae_vaults_network_quinsquares
          [nicolae_vaults_network_quincunx_subvault,
          nicolae_vaults_network_quincunx_subvault,
          nicolae_vaults_network_quincunx_subvault,
          nicolae_vaults_network_quincunx_subvault],
          nicolae_vaults_closet_pinwheel_2, v_misc_8,
          nicolae_vaults_tetromino_L_1, v_misc_24, nicolae_vaults_circle_grid_a,
          nicolae_vaults_sesquioval_fish, vaults_room_pools,
          layout_vaults_big_room, uniq_aizul
Vaults:3: minmay_crypt_entry_necro_gods, v_rooms_3, vaults_room_pool,
          vaults_room_fancy_cross, v_alt_pattern_4,
          nicolae_vaults_security_offices_5, hangedman_vaults_corner,
          nicolae_vaults_trapezoid_lopsided_2, vaults_room_fours,
          nicolae_vaults_wine_cellar, nicolae_vaults_storage_closets_3,
          nicolae_vaults_apartment_1, nicolae_vaults_apartment_1,
          vaults_room_hallway, nicolae_vaults_trapezoid_lopsided_1,
          vaults_room_hallway, nicolae_vaults_theta, vaults_dpeg_ring,
          layout_vaults_omnicross
Vaults:4: gammafunk_ghost_smash, nicolae_vaults_trapezoid_lopsided_4,
          vaults_mumra_lcd, nicolae_vaults_frosty_reception,
          vaults_dpeg_diagonal, st_lattice, nicolae_vaults_weapon_check,
          vaults_room_pools, nicolae_vaults_trapezoid_lopsided_3,
          nicolae_vaults_tetromino_T_1, layout_vaults_quadrants
Vaults:5
Depths:1: minmay_inside_and_out, layout_cave_shapes, pf_hell_entry_great_geh,
          serial_shops, nicolae_shop_tiny_waterfront, nicolae_shop_rolled_up,
          shop, nicolae_sextant, uniq_bai_suzhen
Depths:2: minmay_crystal_thing, layout_cave_pools,
          hangedman_abyss_or_decor_stabs, minmay_room_of_horrors,
          grunt_pan_entry_sceptre, hell_entry, minmay_shop_star,
          infiniplex_staircase_river
Depths:3: hangedman_cross_stitches, layout_long_grid, enter_ziggurat_a,
          chequers_serial_rivers_small_3, hellmouth_1, serial_shops,
          nicolae_shop_rolled_up, abyss_entry_flame_altar
Depths:4: grunt_x_marks_the_spot, layout_cave_shapes, grunt_metal_band,
          hangedman_decor_clover_reticule, uniq_saint_roka
Zot:1:    layout_gridlike, lemuel_flame_loot_1
Zot:2:    layout_basic
Zot:3:    layout_misc_corridors
Zot:4:    grunt_zot_stairs_faceoff, layout_gridlike, lemuel_elevator,
          grunt_megastairs_5
Zot:5:    layout_onion, st_stairs_1

Skill      XL: |  1  2  3  4  5  6  7  8  9 10 11 12 13 14 15 16 17 18 19 20 21 22 23 24 25 |
---------------+----------------------------------------------------------------------------+-----
Short Blades   | 2 3 4 5 6 7 8 9 10 | 10.0
Dodging        | 1 2 3 4 5 6 7 8 9 10 11 12 13 14 15 | 15.8
Stealth        | 5 6 7 8 9 10 11 12 13 15 16 17 18 19 20 21 22 23 | 23.7
Fighting       | 2 3 4 5 6 7 8 9 10 11 12 13 14 15 16 17 18 | 18.3
Throwing       | 2 3 4 5 6 7 8 9 10 11 12 13 14 15 16 17 | 17.2
Invocations    | 2 4 6 8 10 11 13 14 16 17 18 19 20 21 22 23 24 | 24.1
Evocations     | 1 4 6 |  6.5

Action                     |  1- 3 |  4- 6 |  7- 9 | 10-12 | 13-15 | 16-18 | 19-21 | 22-24 | 25-27 || total
---------------------------+-------+-------+-------+-------+-------+-------+-------+-------+-------++-------
  Melee: Dagger            |   102 |   158 |   225 |   393 |       |       |       |       |       ||   878
         Bite              |    26 |    37 |    73 |   196 |   352 |   452 |   543 |   710 |   250 ||  2639
         Punch             |       |     2 |     3 |     5 |       |       |       |       |       ||    10
         Pair of quick bla |       |       |       |   163 |   822 |  1089 |  1123 |  1294 |   391 ||  4882
  Throw: Dart              |     4 |       |    38 |   131 |    80 |       |       |       |       ||   253
         Throwing net      |       |       |       |     3 |       |       |       |       |       ||     3
  Evoke: Wand              |       |       |     6 |    13 |    12 |     1 |     5 |       |       ||    37
    Use: Scroll            |     4 |     3 |     8 |     9 |    14 |     6 |     2 |     5 |     3 ||    54
         Potion            |     1 |       |       |     1 |       |     2 |     4 |     3 |       ||    11
   Stab: Sleeping          |     9 |    11 |     9 |     8 |    47 |    98 |    99 |    59 |     6 ||   346
         Paralysed         |       |       |     5 |    33 |    65 |    87 |   109 |   147 |    22 ||   468
         Distracted        |       |       |       |     3 |     7 |     8 |     8 |    13 |     8 ||    47
         Held in net/web   |       |       |       |     1 |       |       |       |       |       ||     1
 Armour: Robe              |    27 |    26 |    50 |    24 |       |       |       |       |       ||   127
         Leather armour    |       |       |       |    60 |   138 |   188 |   140 |   133 |    65 ||   724
  Dodge: Dodged            |    52 |   101 |   154 |   297 |   301 |   564 |   465 |   515 |   201 ||  2650

Table legend: (Time is in decaauts)
 A = Elapsed time spent in this place.
 B = Non-inter-level travel time spent in this place.
 C = Inter-level travel time spent in this place.
 D = Time resting spent in this place.
 E = Time spent auto-exploring this place.
 F = Levels seen in this place.
 G = Mean time per level.
                   A        B        C        D        E       F      G
               +--------+--------+--------+--------+--------+-----+--------+
         Total |  43787 |  37494 |   6293 |    148 |  29588 |  49 |  893.6 |
       Dungeon |  13786 |  11422 |   2364 |    144 |   8788 |  15 |  919.1 |
        Temple |    146 |    123 |     23 |      0 |    114 |   1 |  146.0 |
          Lair |   5878 |   4861 |   1017 |      0 |   4089 |   5 | 1175.6 |
        Shoals |   3192 |   2996 |    196 |      4 |   2427 |   4 |  798.0 |
   Spider Nest |   2845 |   2355 |    490 |      0 |   1868 |   4 |  711.2 |
  Orcish Mines |   1224 |   1131 |     93 |      0 |    928 |   2 |  612.0 |
   Elven Halls |   1899 |   1765 |    134 |      0 |   1468 |   2 |  949.5 |
        Vaults |   6282 |   5407 |    875 |      0 |   4283 |   5 | 1256.4 |
        Depths |   4064 |   3231 |    833 |      0 |   2466 |   4 | 1016.0 |
           Zot |   3675 |   3413 |    262 |      0 |   2721 |   5 |  735.0 |
         Trove |    127 |    127 |      0 |      0 |     52 |   1 |  127.0 |
        Bailey |    663 |    663 |      0 |      0 |    382 |   1 |  663.0 |
               +--------+--------+--------+--------+--------+-----+--------+

Top non-repeatable levels by time:
     D:9: 1846 daAuts
  Lair:3: 1466 daAuts
  Lair:1: 1412 daAuts
Vaults:1: 1366 daAuts
Vaults:5: 1351 daAuts
Vaults:4: 1334 daAuts
Depths:2: 1156 daAuts
Vaults:2: 1115 daAuts
Vaults:3: 1114 daAuts
    D:15: 1111 daAuts
  Lair:5: 1060 daAuts
    D:13: 1048 daAuts
  Lair:4: 1040 daAuts
   Elf:1: 1025 daAuts
   Zot:4: 1003 daAuts
